 Dungeon Crawl Stone Soup version 0.23.2-1-ga50397a6bc (webtiles) character file.

Game seed: 8730219247658653193

1040 Kobolds4U the Cleaver (level 8, -1/71 HPs)
             Began as a Minotaur Fighter on Apr 26, 2019.
             Slain by a two-headed ogre
             ... wielding a +0 giant club
              (28 damage)
             ... on level 6 of the Dungeon.
             The game lasted 00:10:49 (4865 turns).

Kobolds4U the Cleaver (Minotaur Fighter)            Turns: 4865, Time: 00:10:49

Health: -1/71      AC: 12    Str: 20    XL:     8   Next: 4%
Magic:  7/7        EV:  7    Int:  5    God:
Gold:   247        SH:  9    Dex: 13    Spells: 7/7 levels left

rFire    + . .     SeeInvis .   a - +0 war axe
rCold    x . .     Gourm    .   c - +0 shield
rNeg     . . .     Faith    .   b - +0 scale mail
rPois    .         Spirit   .   w - +2 hat
rElec    .         Reflect  .   (no cloak)
rCorr    .         Harm     .   p - +2 pair of gloves
MR       .....                  (no boots)
Stlth    ..........             (no amulet)
HPRegen  0.21/turn              s - ring of attention (curse)
MPRegen  0.10/turn              v - ring of fire

@: no status effects
A: retaliatory headbutt, horns 2
a: no special abilities


You were on level 6 of the Dungeon.
You were not hungry.

You visited 1 branch of the dungeon, and saw 6 of its levels.

You collected 429 gold pieces.
You spent 182 gold pieces at shops.

Inventory:

Hand Weapons
 a - a +0 war axe (weapon)
Missiles
 t - 11 tomahawks (quivered)
Armour
 b - a +0 scale mail (worn)
 c - a +0 shield (worn)
 p - a +2 pair of gloves (worn)
 w - a +2 hat (worn)
Jewellery
 s - a cursed ring of attention (left hand)
 v - a ring of fire (right hand)
Wands
 x - a wand of paralysis (11)
 y - a wand of acid (12)
Scrolls
 e - 5 scrolls of remove curse
 h - a scroll of fear
 i - 8 scrolls of teleportation
 n - 4 scrolls of enchant armour
 q - a scroll of blinking {unknown}
Potions
 d - 3 potions of might
 g - a potion of berserk rage
 j - 3 potions of curing
 m - 3 potions of degeneration
 o - a potion of flight
 r - a potion of haste
 u - a potion of lignification
 z - a potion of invisibility {unknown}
Comestibles
 f - 8 rations
 k - 13 chunks of flesh


   Skills:
 + Level 6.5 Fighting
 * Level 9.9 Axes
 + Level 4.1 Armour
 - Level 3.6 Shields


You had 7 spell levels left.
You didn't know any spells.
Your spell library was empty.

Dungeon Overview and Level Annotations

Branches:
Dungeon (6/15)             Temple (0/1) D:6

Altars:
Cheibriados
Dithmenos
Gozag
Nemelex Xobeh
Sif Muna
Xom

Shops:
D:5 *}=[


Innate Abilities, Weirdness & Mutations

You reflexively headbutt those who attack you in melee.
You have a pair of horns on your head.


Message History

You are too injured to fight recklessly!
You are too injured to fight recklessly!
You are too injured to fight recklessly!
You are too injured to fight recklessly!
You are too injured to fight recklessly!
You are too injured to fight recklessly!
You are too injured to fight recklessly!
You are too injured to fight recklessly!
You are too injured to fight recklessly!
You are too injured to fight recklessly!
You are too injured to fight recklessly!
Unknown command.
You completely miss the two-headed ogre.
The two-headed ogre is severely wounded.
You block the two-headed ogre's attack.
The two-headed ogre hits you but does no damage.
You slash the two-headed ogre!
The two-headed ogre is almost dead.
The two-headed ogre hits you with a +0 giant club!!
You die...

* **,.............# *,,,
****,######...##..# *,,,
**,,,,,,*###.###..# ###*#
**,***,*,.........# ##⌠###
,,,**,***.######.###########8.#.#
**,***,#..####.....÷.....##).....
**,,,,,.*........#######.##))....
,,,,,,,,,...##.#.# #.##.8.#.#
***,,,*,*..,*#.#@# #....#_#.#
**,**,*,***#.#O# ##########
*,,,,,,,,,.,oo#** *,,*
****,,,,,,..s..<***********,,*
***,,,,..###o,,,,,,,<,,,,,*
****###* *,,*********,*,* *,,*
*,***, *,,* **,*,* **** **,**


You could see a two-headed ogre, a scorpion, an orc priest and an orc.

Vanquished Creatures
  A necrophage (D:6)
  An ogre (D:5)
  A centaur (D:5)
  3 big kobolds (D:5)
  A crimson imp (D:3)
  An orc wizard (D:3)
  2 hounds (D:4)
  An orc priest (D:5)
  2 bullfrog skeletons (D:5)
  3 worker ants
  A mummy (D:4)
  7 gnolls (D:5)
  3 adders
  An ooze (D:5)
  3 worms
  4 dart slugs
  6 leopard geckos
  13 orcs
  4 bats (D:2)
  6 giant cockroaches
  30 goblins
  29 hobgoblins
  13 jackals
  5 quokkas
  3 ball pythons
  6 frilled lizards
  A hobgoblin zombie (D:4)
  8 kobolds
  A leopard gecko skeleton (D:4)
  3 orc zombies (D:4)
  9 rats
172 creatures vanquished.

Notes
Turn   | Place    | Note
-------+----------+-------------------------------------------
     0 | D:1      | Kobolds4U the Minotaur Fighter began the quest for the Orb.
     0 | D:1      | Reached XP level 1. HP: 19/19 MP: 0/0
   108 | D:1      | Reached skill level 3 in Axes
   140 | D:1      | Reached XP level 2. HP: 21/26 MP: 1/1
   363 | D:1      | Reached skill level 4 in Axes
   667 | D:2      | Reached XP level 3. HP: 29/31 MP: 2/2
  1114 | D:2      | Reached skill level 5 in Axes
  1291 | D:2      | Reached XP level 4. HP: 39/39 MP: 3/3
  1743 | D:3      | Reached skill level 6 in Axes
  1744 | D:3      | Reached XP level 5. HP: 40/45 MP: 4/4
  2276 | D:4      | Reached skill level 7 in Axes
  2810 | D:4      | Reached XP level 6. HP: 24/51 MP: 5/5
  3149 | D:5      | Entered Level 5 of the Dungeon
  3249 | D:5      | Reached skill level 8 in Axes
  3500 | D:5      | Found Niegucao's Gadget Emporium.
  3792 | D:5      | Found Didotah's Assorted Antiques.
  3845 | D:5      | Found Wimor's Jewellery Boutique.
  3855 | D:5      | Found Lauloif's Antique Armour Shop.
  3859 | D:5      | Reached skill level 9 in Axes
  3859 | D:5      | Reached XP level 7. HP: 26/59 MP: 6/6
  4041 | D:5      | Bought a glowing hat for 182 gold pieces
  4268 | D:5      | Reached skill level 5 in Fighting
  4777 | D:6      | Reached XP level 8. HP: 57/71 MP: 7/7
  4798 | D:6      | Found a shadowy altar of Dithmenos.
  4819 | D:6      | Found a deep blue altar of Sif Muna.
  4819 | D:6      | Found a shimmering altar of Xom.
  4820 | D:6      | Found a snail-covered altar of Cheibriados.
  4821 | D:6      | Found an opulent altar of Gozag.
  4822 | D:6      | Found a sparkling altar of Nemelex Xobeh.
  4850 | D:6      | Noticed a two-headed ogre
  4865 | D:6      | Slain by a two-headed ogre

Skill      XL: |  1  2  3  4  5  6  7 |
---------------+----------------------+-----
Axes           | 3 4 5 6 7 9 |  9.9
Fighting       | 4 6 |  6.5
Armour         | 4 |  4.1
Shields        | |  3.6

Action                   |  1- 3 |  4- 6 |  7- 9 || total
-------------------------+-------+-------+-------++-------
Melee: War axe           |    95 |   145 |   144 ||   384
       Headbutt          |     9 |    21 |    17 ||    47
  Use: Scroll            |       |       |    11 ||    11
  Eat: Chunk             |     1 |     8 |     4 ||    13
Armor: Scale mail        |    36 |    57 |    42 ||   135
Dodge: Dodged            |    22 |    47 |    46 ||   115
Block: Shield            |    51 |    73 |    77 ||   201
